 Dungeon Crawl Stone Soup version 0.28-a0-1227-ga9037bb4c8 (webtiles) character file.

Game seed: 18207628442158970524

115 siradein the Cudgeller (level 4, -1/45 HPs)
             Began as a Troll Monk on Dec 22, 2021.
             Slain by an orc (4 damage)
             ... on level 3 of the Dungeon.
             The game lasted 00:02:51 (1755 turns).

siradein the Cudgeller (Troll Monk)                 Turns: 1755, Time: 00:02:52

Health: -1/45      AC:  5    Str: 21    XL:     4   Next: 68%
Magic:  12/12      EV:  9    Int:  6    God:
Gold:   96         SH:  0    Dex: 12    Spells: 3/3 levels left

rFire   . . .      SeeInvis .   a - +0 mace
rCold   . . .      Faith    .   h - +0 tower shield
rNeg    . . .      Spirit   .   b - +0 robe
rPois   .          Reflect  .   (helmet restricted)
rElec   .          Harm     .   q - +0 cloak
rCorr   .          Rampage  .   (gloves unavailable)
Will    .....                   (boots unavailable)
Stlth   +.........              (no amulet)
HPRegen 0.95/turn               c - ring of magical power
MPRegen 0.13/turn               k - +4 ring of evasion

@: confused
A: large, unfitting armour, claws 3, regeneration 1, shaggy fur 1, tough skin 1
a: no special abilities


You were on level 3 of the Dungeon.
You visited 1 branch of the dungeon, and saw 3 of its levels.

You collected 96 gold pieces.

Inventory:

Hand Weapons
 a - a +0 mace (weapon)
Armour
 b - a +0 robe (worn)
 h - a +0 tower shield (worn)
 q - a +0 cloak (worn)
Jewellery
 c - a ring of magical power (left claw)
 k - a +4 ring of evasion (right claw)
 s - a +6 ring of strength
Scrolls
 d - 2 scrolls of amnesia {unknown}
 e - 2 scrolls of noise {unknown}
 g - a scroll of vulnerability {unknown}
 l - a scroll of enchant weapon {unknown}
 m - a scroll of magic mapping {unknown}
 o - 3 scrolls of fog {unknown}
 p - 2 scrolls of identify {unknown}
 t - a scroll of holy word {unknown}
Potions
 f - a potion of heal wounds {unknown}
 i - 2 potions of might {unknown}
 j - a potion of curing {unknown}
 n - a potion of degeneration {unknown}
 r - a potion of haste {unknown}
 u - a potion of lignification {unknown}


   Skills:
 + Level 3.3 Fighting
 + Level 3.5 Maces & Flails
 + Level 3.2 Dodging
 - Level 1.0 Stealth


You had 3 spell levels left.
You didn't know any spells.
Your spell library was empty.

Dungeon Overview and Level Annotations

Branches:
Dungeon (3/15)

Altars:
Okawaru


Innate Abilities, Weirdness & Mutations

You are too large for most types of armour.
You have claws for hands.
Your natural rate of healing is unusually fast.
You are covered in fur. (AC +1)
You have tough skin. (AC +1)


Message History

Something hits you but does no damage.
An orc wizard appears from thin air!
Reactivating autopickup.
Something hits you but does no damage.
Deactivating autopickup; reactivate with Ctrl-A.
You bump into the rock wall.
Something hits you. The orc barely misses you.
The orc wizard curses repeatedly.
The orc wizard hits you but does no damage.
You closely miss the orc.
You hear some strange, mumbled words.
A puff of flame appears from out of thin air!
The puff of flame hits you! The orc hits you but does no damage.
The orc hits you with a +0 short sword.
The orc wizard hits you but does no damage.
Something completely misses you. The orc hits you with a +0 dagger.
The orc hits you but does no damage.
You hit the orc wizard.
The orc wizard is severely wounded.
You feel less confused.
The orc wizard points at you and mumbles some strange words.
You resist with some effort. You block something's attack.
The orc completely misses you. The orc hits you with a +0 short sword.
The orc wizard mumbles some strange words.
The orc wizard flickers and vanishes!
Something hits you but does no damage. The orc hits you but does no damage. x2
You miss something. Something hits you but does no damage.
You hear some strange, mumbled words.
A puff of flame appears from out of thin air!
The puff of flame hits you!
* * * LOW HITPOINT WARNING * * *
The orc hits you but does no damage. The orc hits you with a +0 short sword.
* * * LOW HITPOINT WARNING * * *
You hear some strange, mumbled words.
You are confused.
Something hits you but does no damage.
You barely miss something. The orc hits you but does no damage.
The orc misses you. Something hits you but does no damage. Something hits you.
* * * LOW HITPOINT WARNING * * *
The orc hits you with a +0 dagger.
You die...

..........#)...........
....#≈≈.≈≈#........8.8 .
....#g≈.≈g#.......####### ..
....#≈≈.≈≈#.......###...#####...
....#..8..#........##...........
....#.8_8.#........##...........
###.#..8..#........##...........
.#######....+#{###......#
......+@o.).......#
.......#{o###......#
##.....#...........# #....
##.###......# #.# #......# .>.
#.##...# ###. #.##...# ....#
#### #####


You could see 2 orcs.

Vanquished Creatures
  Robin (D:2)
  5 adders
  2 worms (D:2)
  An orc (D:3)
  3 endoplasms
  A giant cockroach (D:2)
  12 goblins
  7 hobgoblins
  2 quokkas (D:1)
  7 ball pythons
  A bat (D:1)
  2 frilled lizards
  3 kobolds
  6 rats
53 creatures vanquished.

Notes
Turn   | Place    | Note
-------+----------+-------------------------------------------
     0 | D:1      | siradein the Troll Monk began the quest for the Orb.
     0 | D:1      | Reached XP level 1. HP: 22/22 MP: 0/0
   229 | D:1      | Reached XP level 2. HP: 29/29 MP: 1/1
   251 | D:1      | Found a faded altar of an unknown god.
   650 | D:2      | Reached XP level 3. HP: 36/36 MP: 2/2
   773 | D:2      | Noticed Robin
   813 | D:2      | Killed Robin
   821 | D:2      | Reached XP level 4. HP: 36/45 MP: 3/3
  1675 | D:3      | Found an iron altar of Okawaru.
  1755 | D:3      | Slain by an orc

Illustrated notes

Levels and vault maps discovered:
D:1:      minmay_arrival_checkered_box, layout_rooms,
          chequers_ecumenical_altar_island
D:2:      layout_basic, uniq_robin
D:3:      kennysheep_the_goblin_king, layout_basic, kennysheep_okawaru_gauntlet,
          st_stairs_12

Skill      XL: |  1  2  3 |
---------------+----------+-----
Maces & Flails | 3 |  3.5
Fighting       | 3 |  3.3
Dodging        | 3 |  3.2
Stealth        | |  1.0

Action                   |  1- 3 |  4- 6 || total
-------------------------+-------+-------++-------
Melee: Mace              |   120 |   100 ||   220
 Stab: Sleeping          |     1 |     1 ||     2
Armor: Robe              |    33 |    54 ||    87
Dodge: Dodged            |    48 |    46 ||    94
Block: Tower shield      |    51 |    46 ||    97

Table legend: (Time is in decaauts)
 A = Elapsed time spent in this place.
 B = Non-inter-level travel time spent in this place.
 C = Inter-level travel time spent in this place.
 D = Time resting spent in this place.
 E = Time spent auto-exploring this place.
 F = Levels seen in this place.
 G = Mean time per level.
                   A        B        C        D        E       F      G
               +--------+--------+--------+--------+--------+-----+--------+
         Total |   1903 |   1854 |     49 |      0 |   1236 |   3 |  634.3 |
       Dungeon |   1903 |   1854 |     49 |      0 |   1236 |   3 |  634.3 |
               +--------+--------+--------+--------+--------+-----+--------+

Top non-repeatable levels by time:
     D:2: 929 daAuts
     D:1: 517 daAuts
     D:3: 457 daAuts
